[Event "*** Titled Tuesday Blitz"]
[Site "Chess.com"]
[Date "2020.05.26"]
[Round "4"]
[White "Gromes7"]
[Black "savagemedusa"]
[Result "0-1"]
[WhiteElo "2005"]
[BlackElo "2234"]
[TimeControl "180+1"]
[EndTime "10:37:59 PDT"]
[Termination "savagemedusa won by checkmate"]

1. d4 f5 2. g3 Nf6 3. Bg2 e6 4. Nf3 d6 5. O-O Be7 6. c4 O-O 7. Nc3 a5 8. Re1 Ne4 9. Qc2 Nc6 10.
Nxe4 Nb4 11. Qb1 fxe4 12. Qxe4 d5 13. Qb1 dxc4 14. a3 Nc6 15. Be3 Bf6 16. Rd1 b5 17. Ne5 Bxe5 18. dxe5 Qe8 19. Bc5 Rf5 20. Bxc6 Qxc6 21.
Rd8+ Kf7 22. Rf8+ Kg6 23. g4 Bb7 24. gxf5+ Kh6 25. Be3+ Kh5 26. Qf1 Qh1# 0-1

[Event "*** Titled Tuesday Blitz"]
[Site "Chess.com"]
[Date "2020.05.26"]
[Round "4"]
[White "annamaja"]
[Black "TheSodabread"]
[Result "1-0"]
[WhiteElo "2224"]
[BlackElo "1991"]
[TimeControl "180+1"]
[EndTime "10:37:59 PDT"]
[Termination "annamaja won by checkmate"]

1. e4 d6 2. d4 Nf6 3. Nc3 Nbd7 4. Nf3 e5 5. Bc4 Be7 6. Bb3 c6 7. O-O Qc7 8. h3 h6 9. a4 Nf8 10. a5 g5 11. Re1 g4 12. Nh2 gxh3 13. g3 h5 14.
dxe5 dxe5 15. Qf3 h4 16. Bg5 hxg3 17. Bxf6 gxh2+ 18. Kxh2 Bxf6 19. Qxf6 Rg8 20. Rad1 Rg2+ 21. Kh1 Ne6 22. Qh8+ Nf8 23. Rd3 Bd7 24. Bxf7+ Kxf7 25. Rf3+ Ke7 26. Qf6+ Ke8 27. Qxf8# 1-0

[Event "*** Titled Tuesday Blitz"]
[Site "Chess.com"]
[Date "2020.05.26"]
[Round "4"]
[White "Xtrmntr78"]
[Black "SirMittensofMittensville"]
[Result "0-1"]
[WhiteElo "2439"]
[BlackElo "2614"]
[TimeControl "180+1"]
[EndTime "10:38:00 PDT"]
[Termination "SirMittensofMittensville won by resignation"]

1. c4 e5 2. Nc3 Bb4 3. Nd5 Be7 4. Nf3 d6 5. g3 Nf6 6. Bg2 Nxd5 7. cxd5 O-O 8. O-O f5 9. d4 e4 10. Nd2 Nd7 11. f3 exf3 12. Bxf3 Bg5 13. Nc4 Nb6 14. Na5 Rb8 15. Bxg5 Qxg5 16. Rc1 f4 17. Kh1 fxg3 18. Rg1 Rf7 19. Rxg3 Qh6 20. Rc3 Bf5 21.
Qc1 Qh4 22. Rxc7 Rbf8 23. Rxf7 Rxf7 24. Nc4 Rc7 25. b3 Be4 26. Qe3 Re7 27. Nxd6 Nxd5 28. Qg5 Bxf3+ 29. exf3 Re1+ 30. Kg2 Nf4+ 31. Kf2 Nh3+ 32.
Kxe1 Nxg5 33. Nf5 Qf4 0-1

[Event "*** Titled Tuesday Blitz"]
[Site "Chess.com"]
[Date "2020.05.26"]
[Round "4"]
[White "Twitch_ElhamBlitz05"]
[Black "diablanni"]
[Result "1-0"]
[WhiteElo "2597"]
[BlackElo "2318"]
[TimeControl "180+1"]
[EndTime "10:38:01 PDT"]
[Termination "Twitch_ElhamBlitz05 won by resignation"]

1. e4 c5 2. Nf3 Nc6 3. d4 cxd4 4. Nxd4 g6 5. Nc3 Bg7 6. Be3 Nf6 7. Bc4 O-O 8. Bb3 d6 9. f3 Bd7 10. Qd2 Rc8 11. O-O-O Ne5 12. h4 h5 13. g4 hxg4 14. h5 Nxh5 15. Bh6 e6 16. Bxg7 Kxg7 17. Rdg1 Rh8 18.
fxg4 Nf6 19. Qf4 Nexg4 20. Qxd6 Bc6 21. Qxe6 Qc7 22. e5 Nxe5 23. Nf5+ Kg8 24. Rxh8+ Kxh8 25. Qxf6+ 1-0

[Event "*** Titled Tuesday Blitz"]
[Site "Chess.com"]
[Date "2020.05.26"]
[Round "4"]
[White "francyIM"]
[Black "Gabix_94"]
[Result "0-1"]
[WhiteElo "2708"]
[BlackElo "2919"]
[TimeControl "180+1"]
[EndTime "10:38:04 PDT"]
[Termination "Gabix_94 won by resignation"]

1. c4 Nf6 2. Nc3 g6 3. g3 Bg7 4. Bg2 O-O 5. Nf3 d6 6. d4 Nbd7 7. O-O e5 8. e4 c6 9. Be3 Ng4 10. Bg5 Qb6 11. h3 Ngf6 12. c5 dxc5 13. dxe5 Ne8 14. Be7 Qxb2 15. Na4 Qa3 16. Bxf8 Nxf8 17. Qb3 Qb4 18. Rac1 Be6 19. Qxb4 cxb4 20. Rb1 b5 21.
Nc5 a5 22. Rb2 Nc7 23. Rc1 Nd7 24. Nxe6 Nxe6 25. Rxc6 Nxe5 26. Nxe5 Bxe5 27. Rd2 a4 28. Rb6 Bc3 29. Rd3 Nd4 30. e5 Rc8 31. Bd5 Rc7 32.
Kg2 Kg7 33. h4 Rc5 34. Rd6 Kf8 35. e6 fxe6 36. Bxe6 Ke7 37. Rb6 Nxe6 38. Rb7+ Nc7 39. Re3+ Kd6 40. Rb6+ Rc6 41. Rb8 Nd5 42. Rd8+ Kc5 43.
Rd3 Rd6 44. Rc8+ Kb6 45. Re8 Nf4+ 46. gxf4 Rxd3 47. h5 gxh5 0-1

[Event "*** Titled Tuesday Blitz"]
[Site "Chess.com"]
[Date "2020.05.26"]
[Round "4"]
[White "Karinaa87"]
[Black "vladislavkovalev"]
[Result "0-1"]
[WhiteElo "2550"]
[BlackElo "2877"]
[TimeControl "180+1"]
[EndTime "10:38:06 PDT"]
[Termination "vladislavkovalev won by resignation"]

1. d4 Nf6 2. c4 e5 3. dxe5 Ng4 4. Nf3 Bc5 5. e3 Nc6 6. Nc3 O-O 7. Be2 Re8 8. h3 Ngxe5 9. Nxe5 Nxe5 10. O-O a5 11.
Na4 Bf8 12. b3 Ra6 13. Bb2 Rh6 14. Nc3 d6 15. f4 Nc6 16. Nd5 Bf5 17. Bg4 Bxg4 18.
Qxg4 Nb4 19. Nxb4 axb4 20. Rae1 Rhe6 21. Qf3 Re4 22. f5 f6 23. Bd4 b6 24. Qg3 Kh8 25.
Rf4 Rxf4 26. Qxf4 c5 27. Ba1 Qa8 28. Qf2 d5 29. cxd5 Qxd5 30. e4 Rxe4 31. Rxe4 Qxe4 32.
Bb2 Qb1+ 33. Kh2 Bd6+ 34. g3 Qxa2 35. Qd2 Qxb3 36. Qxd6 Qxb2+ 37. Kh1 h6 38. Qe6 Qe5 39. Qc8+ Kh7 40. g4 b3 0-1

[Event "*** Titled Tuesday Blitz"]
[Site "Chess.com"]
[Date "2020.05.26"]
[Round "4"]
[White "Slovak_fighter2000"]
[Black "attack2mateU"]
[Result "0-1"]
[WhiteElo "2483"]
[BlackElo "2674"]
[TimeControl "180+1"]
[EndTime "10:38:07 PDT"]
[Termination "attack2mateU won by resignation"]

1. d4 Nf6 2. Nf3 g6 3. c4 Bg7 4. Nc3 d5 5. Bg5 Ne4 6. cxd5 Nxg5 7. Nxg5 e6 8. Qd2 exd5 9. Qe3+ Kf8 10. Qf4 Bf6 11. h4 Kg7 12. e3 Re8 13. Bd3 c5 14. Ne2 h6 15. Nf3 Nc6 16. Rc1 cxd4 17. Nexd4 Nxd4 18. Nxd4 Be5 19. Qf3 Bxd4 20. O-O Bxb2 21. Rb1 Bf6 22. g3 h5 23. Qf4 Re7 24. Rfc1 Be6 25. e4 dxe4 26. Bxe4 Qd4 27. Rd1 Qe5 28. Qe3 Bxa2 29.
Rb4 a5 30. Ra4 b5 31. Rxa2 Qxe4 32. Qc5 b4 33. Rxa5 Rxa5 34. Qxa5 Qc2 35. Rd6 Re1+ 36. Kg2 Qe4+ 0-1

[Event "*** Titled Tuesday Blitz"]
[Site "Chess.com"]
[Date "2020.05.26"]
[Round "4"]
[White "Doraemon7"]
[Black "vanyakuba"]
[Result "1-0"]
[WhiteElo "2638"]
[BlackElo "2468"]
[TimeControl "180+1"]
[EndTime "10:38:07 PDT"]
[Termination "Doraemon7 won on time"]

1. Nf3 d5 2. d4 c5 3. c4 e6 4.
cxd5 exd5 5. g3 Nc6 6. Bg2 Nf6 7.
O-O Be7 8. dxc5 Bxc5 9. Qc2 Bb6 10. Nc3 Be6 11. Na4 O-O 12. Rd1 Ne4 13. Nxb6 Qxb6 14.
Be3 Qa6 15. Nd4 Nxd4 16. Bxd4 Rac8 17. Qd3 Qxd3 18. Rxd3 a6 19. f3 Nc5 20. Rd2 b5 21. Rc1 Nb7 22. Rxc8 Rxc8 23. Kf2 Nd6 24. b3 f6 25. Bb2 Nf5 26. Bh3 Kf7 27. Bg2 Ke7 28. Ba3+ Kf7 29. f4 Ne7 30. e4 dxe4 31. Bxe4 Bf5 32.
Bb7 Rc2 33. Rxc2 Bxc2 34. Bxa6 Bb1 35. Bxb5 Bxa2 36. Bc4+ Ke8 37. Ke3 Nf5+ 38. Ke4 Bb1+ 39. Kd5 Ne3+ 40. Kd4 Nxc4 41. Kxc4 Kd7 42. Kc5 Kc7 43.
b4 g5 44. Bb2 gxf4 45. gxf4 f5 46. Kd5 h5 47. Ke5 Bd3 48. Bd4 1-0

[Event "*** Titled Tuesday Blitz"]
[Site "Chess.com"]
[Date "2020.05.26"]
[Round "4"]
[White "CzechmVIII"]
[Black "Gerodot71"]
[Result "0-1"]
[WhiteElo "2169"]
[BlackElo "2390"]
[TimeControl "180+1"]
[EndTime "10:38:07 PDT"]
[Termination "Gerodot71 won on time"]

1. e4 e5 2. Nf3 Nc6 3. Bb5 a6 4.
Ba4 Nf6 5. O-O Be7 6. Re1 b5 7. Bb3 d6 8. c3 O-O 9. h3 Nb8 10.
d4 Nbd7 11. Nbd2 Bb7 12. Bc2 Re8 13. a4 Bf8 14. Bd3 c6 15. b4 g6 16. Nb3 Rc8 17.
Na5 Ba8 18. Qb3 h6 19. c4 Qb6 20.
c5 Qc7 21. cxd6 Bxd6 22. Bxh6 exd4 23. Nxd4 c5 24. Rac1 Qd8 25. e5 Nxe5 26. bxc5 Bxc5 27. Rxe5 Rxe5 28. Bxg6 Bd5 29. Nac6 Qe8 30. Qg3 fxg6 31.
Nxe5 Kh7 32. Ndf3 Kxh6 33. Qg5+ Kh7 34. Qh4+ Kg7 35. Rxc5 Rxc5 36. Ng5 Qxe5 0-1

[Event "*** Titled Tuesday Blitz"]
[Site "Chess.com"]
[Date "2020.05.26"]
[Round "4"]
[White "JTCoach"]
[Black "Love_craft"]
[Result "1-0"]
[WhiteElo "2661"]
[BlackElo "2473"]
[TimeControl "180+1"]
[EndTime "10:38:08 PDT"]
[Termination "JTCoach won by resignation"]

1. e4 e5 2. Nf3 Nc6 3. Bb5 Nf6 4. d3 d6 5. O-O Bd7 6. c3 g6 7. Re1 Bg7 8. Nbd2 O-O 9. Nf1 Nh5 10. d4 Nxd4 11.
Nxd4 exd4 12. Bxd7 dxc3 13. Bg4 cxb2 14. Bxb2 Bxb2 15. Rb1 Bg7 16. Bxh5 gxh5 17. Rxb7 h4 18. Ne3 Kh8 19. Nf5 Rg8 20. Qh5 Rb8 21. Rxa7 Qe8 22.
Qxh4 Rb2 23. g3 Bc3 24. Rxc7 Qd8 25. Qxd8 Rxd8 26. Rxc3 1-0

[Event "*** Titled Tuesday Blitz"]
[Site "Chess.com"]
[Date "2020.05.26"]
[Round "4"]
[White "Man-Chuk"]
[Black "nihalsarin"]
[Result "1-0"]
[WhiteElo "2762"]
[BlackElo "3026"]
[TimeControl "180+1"]
[EndTime "10:38:09 PDT"]
[Termination "Man-Chuk won by checkmate"]

1. c4 e5 2. Nc3 Nf6 3. Nf3 Nc6 4. e3 Bb4 5. Nd5 d6 6. Be2 O-O 7. a3 Ba5 8. b4 Bb6 9. Nxb6 axb6 10. Bb2 Bg4 11. h3 Bh5 12. d3 Re8 13. O-O e4 14. dxe4 Nxe4 15. Nd4 Bxe2 16. Nxe2 Qd7 17. Rc1 Rad8 18.
Qd5 Qe7 19. Nf4 Nf6 20. Qf5 Qe4 21. Qg5 Ne5 22. Rfd1 h6 23. Qg3 Qf5 24. Nd5 Nxd5 25. cxd5 Re7 26. f3 Nd3 27. Qxg7# 1-0

[Event "*** Titled Tuesday Blitz"]
[Site "Chess.com"]
[Date "2020.05.26"]
[Round "4"]
[White "Mykola-Bortnyk"]
[Black "Arek_pacitan"]
[Result "1-0"]
[WhiteElo "2903"]
[BlackElo "2554"]
[TimeControl "180+1"]
[EndTime "10:38:09 PDT"]
[Termination "Mykola-Bortnyk won by resignation"]

1. e4 c6 2. Nc3 d5 3. Qe2 Nf6 4. e5 Nfd7 5. d4 e6 6. Qg4 c5 7.
Nce2 Nc6 8. c3 cxd4 9. cxd4 Qb6 10. Nf3 h5 11. Qg5 g6 12. a3 Bh6 13. Qh4 Bxc1 14. Rxc1 Qxb2 15. Qf4 Qxa3 16. h4 Qb4+ 17. Nd2 Ne7 18. Rh3 Qa5 19. Rhc3 b5 20. Rc7 Rb8 21. g3 Qb6 22. Nf3 Qa5+ 23. Kd1 Qa4+ 24. R1c2 Nf5 25. Nc3 Qa1+ 26. Rc1 Qa5 27. Nxd5 O-O 28. Rxd7 exd5 29. Rdc7 Qa4+ 30. Ke1 b4 31. Bd3 b3 32. Bxf5 Bxf5 33. Qh6 b2 34. Ng5 bxc1=Q+ 35. Rxc1 1-0

[Event "*** Titled Tuesday Blitz"]
[Site "Chess.com"]
[Date "2020.05.26"]
[Round "4"]
[White "Mizner"]
[Black "Ladislav1969"]
[Result "0-1"]
[WhiteElo "2517"]
[BlackElo "2324"]
[TimeControl "180+1"]
[EndTime "10:38:10 PDT"]
[Termination "Ladislav1969 won by resignation"]

1. d4 Nf6 2. c4 g6 3. g3 Bg7 4. Bg2 d5 5. cxd5 Nxd5 6. Nf3 Nb6 7. Nc3 Nc6 8. e3 O-O 9. O-O Re8 10. h3 e5 11. d5 Na5 12. e4 c6 13. b4 Nac4 14.
dxc6 bxc6 15. Qc2 Qe7 16. Rb1 Be6 17. a4 a5 18. bxa5 Rxa5 19. Nd2 Nxd2 20. Bxd2 Nc4 21. Bc1 Qa7 22. Rd1 Bf8 23. Qe2 Bc5 24. Bg5 Bd4 25. Rb3 Kg7 26. Rd3 f6 27. Bc1 Nb6 28. Rb4 Nxa4 29. Nxa4 Rxa4 30. Rxa4 Qxa4 31. Qd2 Rb8 32.
Ra3 Qb4 33. Qh6+ Kg8 34. h4 Qf8 35. h5 Rb1 36. Qxf8+ Kxf8 0-1

[Event "*** Titled Tuesday Blitz"]
[Site "Chess.com"]
[Date "2020.05.26"]
[Round "4"]
[White "Beca95"]
[Black "Alexander_Donchenko"]
[Result "0-1"]
[WhiteElo "2861"]
[BlackElo "2709"]
[TimeControl "180+1"]
[EndTime "10:38:11 PDT"]
[Termination "Alexander_Donchenko won on time"]

1. e4 c6 2. d3 d5 3. Nd2 e5 4.
Ngf3 Bd6 5. g3 Nf6 6. Bg2 O-O 7. O-O Re8 8. Re1 a5 9. a4 Na6 10. b3 Bd7 11. Bb2 Qc7 12. Qe2 d4 13. Nh4 b5 14.
Nf5 Bf8 15. Nf3 g6 16. N5h4 Nc5 17. axb5 cxb5 18. Qd2 a4 19. b4 Ne6 20. c3 a3 21. cxd4 axb2 22. Rxa8 Rxa8 23. dxe5 Ra2 24. Rb1 Ng4 25. Rxb2 Ra1+ 26. Bf1 Nxe5 27. Rc2 Nxf3+ 28. Nxf3 Nd4 29. Nxd4 Bh3 30. Qe2 Qd7 0-1

[Event "*** Titled Tuesday Blitz"]
[Site "Chess.com"]
[Date "2020.05.26"]
[Round "4"]
[White "Kostya_Nikologorskiy"]
[Black "thedjoker98"]
[Result "1-0"]
[WhiteElo "2716"]
[BlackElo "2484"]
[TimeControl "180+1"]
[EndTime "10:38:11 PDT"]
[Termination "Kostya_Nikologorskiy won by resignation"]

1. d4 d5 2. c4 c6 3. Nc3 dxc4 4. a4 e5 5. e3 exd4 6. exd4 Be6 7. Nf3 Bb4 8. Be2 Nd7 9. O-O Ngf6 10. Bg5 h6 11. Bh4 O-O 12. Qc2 Qc7 13. h3 Bd6 14. Rad1 g5 15.
Bxg5 hxg5 16. Nxg5 Rfe8 17. Nxe6 fxe6 18. Qg6+ Kh8 19.
Bxc4 Nh7 20. Bd3 Ndf8 21. Qe4 Qg7 22. Rfe1 Ng5 23. Qh4+ Nfh7 24. Kh1 Rad8 25. Re3 Rf8 26. Ne2 Qf6 27. f4 Ne4 28. Qe1 Bb4 29. Nc3 Bxc3 30.
bxc3 Nd6 31. Rxe6 Qxf4 32. Re7 Ng5 33. Qe2 Qh4 34. Qe5+ 1-0

[Event "*** Titled Tuesday Blitz"]
[Site "Chess.com"]
[Date "2020.05.26"]
[Round "4"]
[White "MightyGMpretender"]
[Black "aisha_zakirova"]
[Result "0-1"]
[WhiteElo "2550"]
[BlackElo "1941"]
[TimeControl "180+1"]
[EndTime "10:38:11 PDT"]
[Termination "aisha_zakirova won on time"]

1. d4 Nf6 2. c4 e6 3. Nc3 Bb4 4. Nf3 O-O 5. Bg5 c5 6. dxc5 Na6 7. g3 Nxc5 8. Bg2 Nce4 9. Bxf6 Qxf6 10. O-O Nxc3 11.
bxc3 Bxc3 12. Rb1 Rb8 13. Qd6 Ra8 14. c5 b6 15. Rfc1 Bb7 16. Qxd7 Be4 17. Rb3 Bb2 18. Rf1 Bd5 19. Rb4 bxc5 20. Rf4 Qc3 21. Qe7 Rae8 22. Qg5 Bxf3 23. Bxf3 Qe5 24. Qg4 Rd8 25. Ra4 Rd2 26. Rxa7 Bd4 27. Kg2 c4 28. Rb1 Bxa7 29.
Qxc4 Qc5 30. Qf4 Qxf2+ 31. Kh3 Rxa2 32. Rb7 Qc5 33. Bh5 Qxh5+ 0-1

[Event "*** Titled Tuesday Blitz"]
[Site "Chess.com"]
[Date "2020.05.26"]
[Round "4"]
[White "RobertPrieb2007"]
[Black "harkerchess"]
[Result "1-0"]
[WhiteElo "2447"]
[BlackElo "2056"]
[TimeControl "180+1"]
[EndTime "10:38:11 PDT"]
[Termination "RobertPrieb2007 won by resignation"]

1. d4 d5 2. c4 c6 3. Nf3 Nf6 4. Nc3 dxc4 5. a4 Bf5 6. e3 e6 7. Bxc4 Bb4 8. O-O O-O 9. Qe2 Nbd7 10. e4 Bg6 11. Bd3 Re8 12. e5 Bxd3 13. Qxd3 Nd5 14. Bd2 h6 15. Nxd5 Bxd2 16. Nc3 Bg5 17. Nxg5 Qxg5 18.
Ne4 Qg6 19. a5 Rad8 20. Qf3 Nb8 21. Nd6 Re7 22. Rac1 f6 23. Qe2 Red7 24. Qc4 Re7 25. Rc3 fxe5 26. dxe5 Nd7 27. f4 Nf8 28. f5 Qh7 29. a6 b6 30. Qxc6 exf5 31. Qc4+ Ne6 32. Nxf5 Ree8 33. Nd6 Re7 34. Nc8 Ree8 35. Nxa7 Kh8 36.
Nc6 Ra8 37. a7 Rac8 38. b4 Nc7 39. Nb8 b5 40. Qc6 Red8 41. Qb7 Qg6 42. Rxc7 Qb6+ 43.
Qxb6 1-0

[Event "*** Titled Tuesday Blitz"]
[Site "Chess.com"]
[Date "2020.05.26"]
[Round "4"]
[White "Jospem"]
[Black "Semetey"]
[Result "1-0"]
[WhiteElo "2864"]
[BlackElo "2546"]
[TimeControl "180+1"]
[EndTime "10:38:13 PDT"]
[Termination "Jospem won by checkmate"]

1. Nf3 d5 2. e3 Nf6 3. b3 c5 4. Bb2 a6 5. c4 Nc6 6. cxd5 Nxd5 7. Be2 Bg4 8. O-O e6 9. d4 cxd4 10. Nxd4 Bxe2 11. Qxe2 Nxd4 12. Bxd4 Bd6 13. Nd2 O-O 14. Ne4 Bxh2+ 15. Kxh2 Qh4+ 16. Kg1 Qxe4 17. f3 Qg6 18. Rac1 Rac8 19. Be5 Rfd8 20. e4 Nb4 21. Rfd1 Rxc1 22. Rxc1 Qg5 23. Rd1 h5 24. f4 Rxd1+ 25. Qxd1 Qg6 26. Qf3 Nc6 27. Bc3 f5 28. exf5 Qxf5 29. Qg3 g6 30. Kh2 Kf7 31. Qe3 Qd5 32. Bb2 Ne7 33.
Qc3 Nf5 34. Qf6+ Ke8 35. Qxg6+ Kd7 36. Be5 h4 37. Qh7+ Kc6 38. Qc7+ Kb5 39. Bc3 Qc6 40. Qa5# 1-0

[Event "*** Titled Tuesday Blitz"]
[Site "Chess.com"]
[Date "2020.05.26"]
[Round "4"]
[White "GukeshDommaraju"]
[Black "chessplayer9919"]
[Result "1-0"]
[WhiteElo "2673"]
[BlackElo "2480"]
[TimeControl "180+1"]
[EndTime "10:38:13 PDT"]
[Termination "GukeshDommaraju won by resignation"]

1. e4 c6 2. d4 d5 3. exd5 cxd5 4. Bd3 Nc6 5. c3 Nf6 6. Bf4 g6 7. Nf3 Bg7 8. O-O O-O 9. Qc2 Bg4 10. Nbd2 Rc8 11.
Qb3 Nh5 12. Be3 Qc7 13. Qxd5 Nf4 14. Bxf4 Qxf4 15. Qe4 Qxe4 16. Bxe4 Rfd8 17. h3 Bd7 18. Rfe1 e6 19. Rac1 b6 20. Nc4 Be8 21. Ne3 Na5 22.
Ne5 f6 23. Nd3 Bf7 24. Rc2 e5 25. Bf3 Nc4 26. Nxc4 Bxc4 27. Nb4 f5 28. dxe5 Bf8 29. Nc6 a5 30. Nxd8 Rxd8 31. Rd1 Re8 32. Bd5+ 1-0

[Event "*** Titled Tuesday Blitz"]
[Site "Chess.com"]
[Date "2020.05.26"]
[Round "4"]
[White "CraiggoryC"]
[Black "silverback96"]
[Result "0-1"]
[WhiteElo "2116"]
[BlackElo "2311"]
[TimeControl "180+1"]
[EndTime "10:38:13 PDT"]
[Termination "silverback96 won on time"]

1. e4 e6 2. d4 d5 3. e5 c5 4.
c3 Qb6 5. Nf3 Nc6 6. a3 c4 7.
Nbd2 Na5 8. g3 Bd7 9. Bg2 h6 10. h4 Ne7 11. h5 O-O-O 12. O-O g5 13. hxg6 Nxg6 14. Rb1 Qc7 15. Qe1 Ba4 16. Bh3 Be7 17. b4 cxb3 18. c4 Nxc4 19. Nxb3 Rdg8 20. Bg2 h5 21.
Nbd2 h4 22. Nxc4 dxc4 23. Nd2 Bc6 24. Ne4 hxg3 25. fxg3 b6 26. Rxf7 Nxe5 27. dxe5 Bc5+ 28. Nxc5 Qxf7 29. Bxc6 Qh7 30. Bd7+ Kc7 31. Nxe6+ Kxd7 32. Qd2+ Kxe6 33. Qd6+ Kf5 34. Qf6+ Ke4 0-1

[Event "*** Titled Tuesday Blitz"]
[Site "Chess.com"]
[Date "2020.05.26"]
[Round "4"]
[White "Zq1"]
[Black "The_Machine04"]
[Result "1-0"]
[WhiteElo "2509"]
[BlackElo "2288"]
[TimeControl "180+1"]
[EndTime "10:38:14 PDT"]
[Termination "Zq1 won on time"]

1. d4 d6 2. Nf3 Nf6 3. c4 g6 4. Nc3 Bf5 5. g3 Ne4 6. Bg2 Nxc3 7.
bxc3 Be4 8. O-O Bg7 9. Bh3 O-O 10. Nd2 Bc6 11. Rb1 b6 12. e4 Nd7 13. Re1 e5 14.
Nb3 a5 15. Bg2 a4 16. Na1 Re8 17. Nc2 Bb7 18. f3 Ba6 19. Ne3 c6 20. Ba3 Qc7 21. dxe5 dxe5 22. Bd6 Qd8 23. Bh3 Nc5 24. Bxc5 bxc5 25.
Qxa4 Qd2 26. Qxc6 Qxc3 27. Rbc1 Qd2 28. Rcd1 Qxa2 29. Nd5 Bxc4 30. Nc7 Ra7 31. Qxe8+ 1-0

[Event "*** Titled Tuesday Blitz"]
[Site "Chess.com"]
[Date "2020.05.26"]
[Round "4"]
[White "Lovinski"]
[Black "kinga2008"]
[Result "1-0"]
[WhiteElo "2408"]
[BlackElo "2210"]
[TimeControl "180+1"]
[EndTime "10:38:14 PDT"]
[Termination "Lovinski won by resignation"]

1. Nf3 b6 2. g3 Bb7 3. Bg2 g6 4. c4 Bg7 5. O-O Nf6 6. Nc3 d6 7. d4 O-O 8. d5 Nbd7 9. Nd4 Rc8 10. b3 Ne5 11. f4 Neg4 12. h3 Nh6 13. g4 Nfxg4 14. hxg4 Nxg4 15. e4 Bxd4+ 16. Qxd4 e5 17. Qd3 f5 18. Qg3 h5 19. exf5 Rxf5 20. Be4 Rf6 21. f5 gxf5 22. Bxf5 Qf8 23. Be6+ Kg7 24. Bg5 Rxf1+ 25. Rxf1 Qe8 26. Bxg4 hxg4 27. Qxg4 Qg6 28. Rf6 Qh7 29. Qd7+ Kh8 30. Rh6 Qxh6 31. Bxh6 Rg8+ 32. Kf2 Rg6 33. Be3 Rf6+ 34. Ke2 1-0

[Event "*** Titled Tuesday Blitz"]
[Site "Chess.com"]
[Date "2020.05.26"]
[Round "4"]
[White "kleinebeer98"]
[Black "FairChess_on_YouTube"]
[Result "0-1"]
[WhiteElo "2668"]
[BlackElo "3021"]
[TimeControl "180+1"]
[EndTime "10:38:15 PDT"]
[Termination "FairChess_on_YouTube won by checkmate"]

1. e4 c5 2. Nf3 e6 3. d4 cxd4 4.
Nxd4 a6 5. Qd3 Nf6 6. Be2 d6 7.
c4 Nbd7 8. Nc3 b6 9. Be3 Bb7 10.
Qc2 Be7 11. O-O O-O 12. Rfd1 Qc7 13. Rac1 Rac8 14. b3 Qb8 15. Qb1 Rfd8 16. Bd3 Qa8 17. f3 h5 18. Bf1 h4 19. Bg5 h3 20. g3 d5 21. exd5 Nxd5 22. Bxe7 Nxe7 23. Bxh3 Ne5 24. Bg2 Nxf3+ 25. Nxf3 Bxf3 26. Bxf3 Qxf3 27. Rxd8+ Rxd8 28. Qe4 Qf6 29. Qe3 Nf5 30. Qxb6 Rd3 31. Ne4 Qb2 32. Rf1 Ne3 33. Qb8+ Kh7 34. Nf2 Qe2 35. Rb1 Qf3 36. Qf4 Qg2# 0-1

[Event "*** Titled Tuesday Blitz"]
[Site "Chess.com"]
[Date "2020.05.26"]
[Round "4"]
[White "Oneofmyturns"]
[Black "woodhy"]
[Result "0-1"]
[WhiteElo "2629"]
[BlackElo "2420"]
[TimeControl "180+1"]
[EndTime "10:38:15 PDT"]
[Termination "woodhy won by checkmate"]

1. d4 e6 2. c4 Nf6 3. Nc3 Bb4 4. Qc2 b6 5. e4 c5 6. d5 exd5 7. exd5 O-O 8. Be2 Re8 9. Be3 Ne4 10. Nf3 d6 11. O-O Bf5 12. Bd3 Bxc3 13. bxc3 Bg6 14. Rfe1 Nf6 15. Bxg6 hxg6 16. a4 Nbd7 17. a5 bxa5 18.
Bg5 Nb6 19. Nd2 Qd7 20. h3 a4 21. g4 Nxg4 22. Bf4 Nf6 23. Kg2 Nh5 24. Bh2 g5 25.
Qd1 Rxe1 26. Qxe1 Re8 27. Qd1 Nf4+ 28. Bxf4 gxf4 29. Nf3 Qf5 30. Kh2 Re4 31. Nd2 Re7 32.
Nf3 Nxc4 33. Qxa4 Re2 34. Kg1 Qxd5 35. Nh2 Ne3 36. f3 Rg2+ 37. Kh1 Rxh2+ 38. Kxh2 Qd2+ 39.
Kh1 Qg2# 0-1

[Event "*** Titled Tuesday Blitz"]
[Site "Chess.com"]
[Date "2020.05.26"]
[Round "4"]
[White "DonPreuss"]
[Black "MasterKroket"]
[Result "0-1"]
[WhiteElo "2240"]
[BlackElo "2420"]
[TimeControl "180+1"]
[EndTime "10:38:15 PDT"]
[Termination "MasterKroket won by resignation"]

1. d4 Nf6 2. Nc3 d5 3. e4 Nxe4 4. Nxe4 dxe4 5. Bc4 Nc6 6. c3 e5 7. d5 Na5 8. Qa4+ c6 9. dxc6 Nxc6 10. Ne2 Be7 11. O-O O-O 12. Ng3 Kh8 13. Nxe4 f5 14. Ng3 e4 15. Bf4 Qb6 16. Qc2 Na5 17. Bd5 Bd7 18. Rad1 Rad8 19. Be3 Qc7 20. Bd4 Bb5 21. Be6 Bxf1 22. Rxf1 Rxd4 23. Nxf5 Rd3 24. Re1 Qd8 25. Qe2 Bc5 26. Qh5 Qf6 27. Bg8 Kxg8 0-1

[Event "*** Titled Tuesday Blitz"]
[Site "Chess.com"]
[Date "2020.05.26"]
[Round "4"]
[White "Mbneu"]
[Black "mamey78"]
[Result "1-0"]
[WhiteElo "2226"]
[BlackElo "2394"]
[TimeControl "180+1"]
[EndTime "10:38:16 PDT"]
[Termination "Mbneu won by resignation"]

1. d4 d5 2. c4 c6 3. Nc3 Nf6 4.
Nf3 e6 5. g3 dxc4 6. a4 Bb4 7.
Bg2 b5 8. O-O Bb7 9. Ne5 Nd5 10.
Qc2 O-O 11. axb5 Bxc3 12. bxc3 cxb5 13. Ba3 Re8 14. Rfb1 a6 15. Nxc4 Nc6 16. Nd6 Re7 17.
e4 Nb6 18. e5 Nd5 19. c4 Nxd4 20. Qd3 Nf4 21. gxf4 Bxg2 22. Kxg2 Nf5 23. cxb5 Rd7 24. b6 Qh4 25. Qf3 Rb8 26. Nxf5 exf5 27. Rd1 Rxd1 28. Rxd1 h6 29. b7 1-0

[Event "*** Titled Tuesday Blitz"]
[Site "Chess.com"]
[Date "2020.05.26"]
[Round "4"]
[White "dosto07"]
[Black "grunbergmihai"]
[Result "0-1"]
[WhiteElo "2119"]
[BlackElo "2381"]
[TimeControl "180+1"]
[EndTime "10:38:16 PDT"]
[Termination "grunbergmihai won on time"]

1. e4 c5 2. Nf3 d6 3. Bb5+ Bd7 4. Bxd7+ Qxd7 5. c4 Nc6 6. Nc3 g6 7. d4 cxd4 8. Nxd4 Bg7 9. Be3 Nf6 10. f3 O-O 11.
Rc1 Rfc8 12. b3 Ne8 13. O-O Nc7 14. Qd2 Ne6 15. Nxe6 Qxe6 16. Nd5 Qd7 17. Rfd1 h5 18. Bh6 Rd8 19. Bxg7 Kxg7 20. Qb2+ Kg8 21. c5 Qe6 22. Nc7 Qe5 23. Qxe5 dxe5 24. Nxa8 Rxa8 25. Rd7 Rb8 26. Rcd1 Kf8 27. Rc7 Nd4 28. Kf2 Ke8 29. Rxd4 exd4 30.
c6 bxc6 31. Rxc6 Kd7 32. Ra6 Rb7 33. Ke2 e5 34. g3 Rc7 35. Kd2 Ke7 36. f4 f5 37.
Rxg6 fxe4 38. fxe5 e3+ 39. Kd3 Rc3+ 40. Ke2 Rc2+ 41.
Kf3 Rf2+ 42. Ke4 e2 43. Kxd4 e1=Q 44. Rg7+ Kf8 0-1

[Event "*** Titled Tuesday Blitz"]
[Site "Chess.com"]
[Date "2020.05.26"]
[Round "4"]
[White "CarrotsandPizza"]
[Black "Gahan-MG"]
[Result "0-1"]
[WhiteElo "2361"]
[BlackElo "2587"]
[TimeControl "180+1"]
[EndTime "10:38:17 PDT"]
[Termination "Gahan-MG won on time"]

1. e4 Nf6 2. e5 Nd5 3. d4 d6 4. f4 g6 5. Nf3 Bg7 6. Bd3 O-O 7. O-O c5 8. Be4 dxe5 9. dxe5 Nb6 10. Be3 Nc4 11. Bc1 Qc7 12. b3 Nb6 13. c4 Nc6 14. Be3 Bg4 15. h3 Bxf3 16. Qxf3 Rad8 17. Bxc6 bxc6 18.
Rd1 Rxd1+ 19. Qxd1 Bxe5 20. fxe5 Qxe5 21. Bh6 Qxa1 22.
Bxf8 Kxf8 23. Qc2 Nd7 24. Kh2 Qe5+ 25. g3 Nf6 26. Nc3 h5 27. Kg2 Kg7 28. Qd3 Qd4 29. Qc2 h4 30. gxh4 Qxh4 31. Qf2 Qd4 32. Ne2 Qb2 33.
Ng3 Qd4 34. Ne2 Qd6 35. Ng3 a5 36. Kf1 a4 37. bxa4 Qd1+ 38. Kg2 Qxa4 39. Qc2 Qxc2+ 0-1